 Dungeon Crawl Stone Soup version 0.23.0 (webtiles) character file.

Game seed: 9807888230108345360

627 Groucho the Insei (level 7, 0/52 HPs)
             Began as a Gnoll Transmuter on Feb 14, 2019.
             Slain by an ice beast (3 damage)
             ... on level 4 of the Dungeon.
             The game lasted 00:11:33 (4624 turns).

Groucho the Insei (Gnoll Transmuter)                Turns: 4624, Time: 00:11:33

Health: 0/52       AC:  4    Str: 17    XL:     7   Next: 48%
Magic:  15/15      EV: 15    Int: 17    God:
Gold:   235        SH:  0    Dex: 16    Spells: 2/17 levels left

rFire    . . .     SeeInvis .     - Unarmed
rCold    . . .     Gourm    .   (no shield)
rNeg     + . .     Faith    .   v - +2 robe {rN+}
rPois    .         Spirit   .   (no helmet)
rElec    .         Reflect  .   (no cloak)
rCorr    .         Harm     .   (no gloves)
MR       .....                  (no boots)
Stlth    ++........             (no amulet)
HPRegen  0.17/turn              (no ring)
MPRegen  0.14/turn              (no ring)

@: mighty
A: distributed training, fangs 1, strong nose
a: no special abilities


You were on level 4 of the Dungeon.
You were very hungry.

You visited 1 branch of the dungeon, and saw 5 of its levels.

You collected 235 gold pieces.

Inventory:

Hand Weapons
 m - a +0 blowgun
Missiles
 a - 58 arrows
 f - 71 stones (quivered)
 h - 2 javelins
 n - 33 poisoned needles
 o - 10 tomahawks
Armour
 v - a +2 robe of positive energy (worn)
Wands
 g - a wand of iceblast (5)
Scrolls
 b - a scroll of fear {unknown}
 c - 8 scrolls of identify
 e - 2 scrolls of fog
 j - 2 scrolls of amnesia {unknown}
 k - 2 scrolls of remove curse {unknown}
 p - 2 scrolls of blinking {unknown}
 r - 2 scrolls of teleportation {unknown}
 s - a scroll of noise {unknown}
 t - a scroll of enchant weapon {unknown}
Potions
 i - a potion of ambrosia
 q - a potion of curing {unknown}
 u - a potion of heal wounds {unknown}
Comestibles
 d - 6 rations
 w - a chunk of flesh


   Skills:
 + Level 3.6 Fighting
 + Level 2.4 Short Blades
 + Level 2.4 Long Blades
 + Level 2.4 Axes
 + Level 2.4 Maces & Flails
 + Level 2.4 Polearms
 + Level 2.4 Staves
 + Level 2.4 Slings
 + Level 2.4 Bows
 + Level 2.4 Crossbows
 + Level 2.4 Throwing
 + Level 2.4 Armour
 + Level 5.2 Dodging
 + Level 2.4 Stealth
 + Level 2.4 Shields
 + Level 7.0 Unarmed Combat
 + Level 5.6 Spellcasting
 + Level 2.0 Conjurations
 + Level 2.0 Hexes
 + Level 2.0 Charms
 + Level 2.0 Summonings
 + Level 2.0 Necromancy
 + Level 2.0 Translocations
 + Level 4.3 Transmutations
 + Level 2.0 Fire Magic
 + Level 2.0 Ice Magic
 + Level 2.0 Air Magic
 + Level 2.0 Earth Magic
 + Level 2.0 Poison Magic
 + Level 2.7 Invocations
 + Level 2.4 Evocations


You had 2 spell levels left.
You knew the following spells:

 Your Spells              Type           Power        Failure   Level  Hunger
a - Beastly Appendage     Tmut           ###...       2%          1    None
b - Sticks to Snakes      Tmut           ###.....     3%          2    #......
c - Spider Form           Tmut/Pois      ###.......   11%         3    ##.....
d - Ice Form              Ice/Tmut       ###.....     34%         4    ####...
e - Blade Hands           Tmut           ###.......   54%         5    ######.

Your spell library contained the following spells:

 Spells                   Type           Power        Failure   Level  Hunger


Dungeon Overview and Level Annotations

Branches:
Dungeon (5/15)
 Temple: D:4-7

Altars:
Gozag
Nemelex Xobeh
Trog
The Shining One


Innate Abilities, Weirdness & Mutations

Your experience applies equally to all skills.
You have very sharp teeth.
Your uncanny sense of smell can sniff out nearby items.


Message History

Your +2 robe of positive energy unmelds from your body.
You feel more protected from negative energy.
The crimson imp barely misses you. The ice beast hits you.
The ice beast freezes you!
Unknown command.
You see here 14 gold pieces.
There is a stone staircase leading up here.
The crimson imp barely misses you. The ice beast hits you.
The ice beast freezes you!
* * * LOW HITPOINT WARNING * * *
You climb upwards.
There is a stone staircase leading down here.
Unknown command.
Okay, then.
It was a potion of might.
You feel very mighty all of a sudden. The crimson imp hits you.
* * * LOW HITPOINT WARNING * * *
The ice beast hits you.
You die...

..........##.....# ##.[[..#
.##.............####......#
###...............#..###..#
###.##.................#..#
##..##.#.................[#
#..##..####.........#######
##..##..#.#...........#
##.##................# #
#.##.........5@Y.#<.#
###.#.....#)....####.##
.##.......##....# ###
###..#........###
..#..#.......##
....###...#.##
#...######### #.......#
.##.....##


You could see an ice beast and a crimson imp.

Vanquished Creatures
  Grinder (D:3)
  Blork the orc (D:4)
  A bullfrog (D:4)
  A scorpion (D:4)
  A crimson imp (D:5)
  An orc priest (D:4)
  A bullfrog skeleton (D:4)
  A worker ant (D:5)
  Natasha (D:4)
  Robin (D:2)
  3 adders
  An adder skeleton (D:2)
  4 dart slugs
  2 leopard geckos (D:1)
  3 orcs
  A ball python (D:4)
  2 giant cockroaches (D:1)
  13 goblins
  7 hobgoblins
  7 jackals
  4 bats
  7 frilled lizards
  9 kobolds
  A leopard gecko skeleton (D:4)
  7 rats
81 creatures vanquished.

Notes
Turn   | Place    | Note
-------+----------+-------------------------------------------
     0 | D:1      | Groucho the Gnoll Transmuter began the quest for the Orb.
     0 | D:1      | Reached XP level 1. HP: 17/17 MP: 6/6
   568 | D:1      | Reached XP level 2. HP: 19/23 MP: 7/7
   775 | D:1      | Reached XP level 3. HP: 22/28 MP: 9/9
  1059 | D:1      | Reached skill level 5 in Spellcasting
  1604 | D:1      | Reached skill level 1 in Invocations
  2058 | D:1      | Learned a level 2 spell: Sticks to Snakes
  2062 | D:1      | Learned a level 3 spell: Spider Form
  2079 | D:2      | Noticed Robin
  2122 | D:1      | Reached skill level 1 in Short Blades
  2122 | D:1      | Reached skill level 1 in Long Blades
  2122 | D:1      | Reached skill level 1 in Axes
  2122 | D:1      | Reached skill level 1 in Maces & Flails
  2122 | D:1      | Reached skill level 1 in Polearms
  2122 | D:1      | Reached skill level 1 in Staves
  2122 | D:1      | Reached skill level 1 in Slings
  2122 | D:1      | Reached skill level 1 in Bows
  2122 | D:1      | Reached skill level 1 in Crossbows
  2122 | D:1      | Reached skill level 1 in Throwing
  2122 | D:1      | Reached skill level 1 in Armour
  2122 | D:1      | Reached skill level 1 in Stealth
  2122 | D:1      | Reached skill level 1 in Shields
  2122 | D:1      | Reached skill level 1 in Evocations
  2122 | D:1      | Reached XP level 4. HP: 25/34 MP: 11/11
  2135 | D:2      | Killed Robin
  2447 | D:2      | Found a sparkling altar of Nemelex Xobeh.
  2551 | D:3      | Found a bloodstained altar of Trog.
  2593 | D:3      | Noticed Grinder
  2605 | D:3      | Killed Grinder
  2605 | D:3      | Reached skill level 1 in Conjurations
  2605 | D:3      | Reached skill level 1 in Hexes
  2605 | D:3      | Reached skill level 1 in Charms
  2605 | D:3      | Reached skill level 1 in Summonings
  2605 | D:3      | Reached skill level 1 in Necromancy
  2605 | D:3      | Reached skill level 1 in Translocations
  2605 | D:3      | Reached skill level 1 in Fire Magic
  2605 | D:3      | Reached skill level 1 in Ice Magic
  2605 | D:3      | Reached skill level 1 in Air Magic
  2605 | D:3      | Reached skill level 1 in Earth Magic
  2605 | D:3      | Reached skill level 1 in Poison Magic
  2605 | D:3      | Reached XP level 5. HP: 25/41 MP: 10/12
  2605 | D:3      | Reached XP level 6. HP: 29/47 MP: 11/14
  2623 | D:3      | Learned a level 4 spell: Ice Form
  2629 | D:3      | Learned a level 5 spell: Blade Hands
  2874 | D:3      | Found a glowing golden altar of the Shining One.
  3169 | D:3      | Found an opulent altar of Gozag.
  3392 | D:4      | Reached skill level 5 in Dodging
  3828 | D:4      | Found a sparkling altar of Nemelex Xobeh.
  3841 | D:4      | Noticed Natasha
  3845 | D:4      | Killed Natasha
  3861 | D:4      | Reached XP level 7. HP: 44/52 MP: 13/15
  3913 | D:4      | Noticed Blork the orc
  3925 | D:4      | Killed Blork the orc
  3925 | D:4      | Reached skill level 7 in Unarmed Combat
  4572 | D:5      | Entered Level 5 of the Dungeon
  4624 | D:4      | Slain by an ice beast

Skill      XL: |  1  2  3  4  5  6  7 |
---------------+----------------------+-----
Spellcasting   | 5 |  5.6
Invocations    | 1 2 |  2.7
Short Blades   | 1 2 |  2.4
Long Blades    | 1 2 |  2.4
Axes           | 1 2 |  2.4
Maces & Flails | 1 2 |  2.4
Polearms       | 1 2 |  2.4
Staves         | 1 2 |  2.4
Slings         | 1 2 |  2.4
Bows           | 1 2 |  2.4
Crossbows      | 1 2 |  2.4
Throwing       | 1 2 |  2.4
Armour         | 1 2 |  2.4
Stealth        | 1 2 |  2.4
Shields        | 1 2 |  2.4
Evocations     | 1 2 |  2.4
Fighting       | 3 |  3.6
Conjurations   | 1 2 |  2.0
Hexes          | 1 2 |  2.0
Charms         | 1 2 |  2.0
Summonings     | 1 2 |  2.0
Necromancy     | 1 2 |  2.0
Translocations | 1 2 |  2.0
Transmutations | 4 |  4.3
Fire Magic     | 1 2 |  2.0
Ice Magic      | 1 2 |  2.0
Air Magic      | 1 2 |  2.0
Earth Magic    | 1 2 |  2.0
Poison Magic   | 1 2 |  2.0
Dodging        | 5 |  5.2
Unarmed Combat | 7 |  7.0

Action                   |  1- 3 |  4- 6 |  7- 9 || total
-------------------------+-------+-------+-------++-------
Melee: Unarmed           |   104 |    95 |    29 ||   228
       Bite              |    14 |     3 |     1 ||    18
       Kick              |     6 |       |       ||     6
       Punch             |     5 |     1 |     2 ||     8
       Headbutt          |     2 |       |       ||     2
 Cast: Beastly Appendage |    11 |     1 |       ||    12
       Spider Form       |     1 |     8 |     2 ||    11
       Sticks to Snakes  |     1 |     1 |       ||     2
  Use: Scroll            |       |     2 |       ||     2
       Potion            |       |       |     1 ||     1
 Stab: Sleeping          |     1 |     1 |       ||     2
  Eat: Chunk             |     3 |     1 |       ||     4
       Ration            |     1 |     1 |       ||     2
Armor: Robe              |    17 |     2 |       ||    19
       Skin              |       |     3 |       ||     3
Dodge: Dodged            |    95 |    81 |    24 ||   200
